 Dungeon Crawl Stone Soup version 0.29.0-4-gdea44cf6ec (webtiles) character file.

Game seed: 18279806735965716495

5061 qw the Cleaver (level 10, -5/64 HPs)
             Began as a Gargoyle Delver on Sept 10, 2022.
             Was a Priest of Okawaru.
             Killed by divine providence
             ... invoked by an orc priest
              (10 damage)
             ... on level 9 of the Dungeon.
             The game lasted 00:04:52 (8256 turns).

qw the Cleaver (Gargoyle Delver)                    Turns: 8256, Time: 00:04:52

Health: -5/64      AC: 25    Str: 21    XL:     10   Next: 56%
Magic:  12/13      EV:  9    Int: 10    God:    Okawaru [***...]
Gold:   82         SH:  4    Dex: 11    Spells: 9/9 levels left

rFire   . . .      SeeInvis .   o - +0 hand axe (vamp)
rCold   . . .      Faith    .   (no shield)
rNeg    + . .      Spirit   .   j - +0 plate armour
rPois   inf        Reflect  .   (helmet restricted)
rElec   +          Harm     .   h - +0 cloak
rCorr   +          Rampage  .   (no gloves)
Will    .....                   i - +0 pair of boots
Stlth   ..........              n - amulet of regeneration
HPRegen 1.00/turn               e - ring of resist corrosion
MPRegen 0.13/turn               (no ring)

@: heroic
A: sickness immunity, AC +7, negative energy resistance 1, electricity
resistance, torment resistance 1, petrification resistance, antennae 1, large
bone plates 1
a: Renounce Religion, Heroism


You were on level 9 of the Dungeon.
You worshipped Okawaru.
Okawaru was most pleased with you.
You visited 2 branches of the dungeon, and saw 11 of its levels.

You collected 560 gold pieces.
You spent 478 gold pieces at shops.


Innate Abilities, Weirdness & Mutations

You are immune to sickness and miasma.
Your stone body is resilient. (AC +7)
You are immune to poison.
You resist negative energy. (rN+)
You are resistant to electric shocks. (rElec)
You are resistant to unholy torment.
You are immune to petrification.
You have a pair of small antennae on your head.
You are partially covered in large bone plates. (SH +4)


   Skills:
 - Level 8.1(13.1) Fighting
 + Level 10.4(15.4) Axes
 - Level 1.1(6.1) Throwing
 - Level 7.0(12.0) Armour
 - Level 2.1(7.1) Dodging
 - Level 5.4(10.4) Stealth
 - Level 4.0 Invocations


You had 9 spell levels left.
You didn't know any spells.
Your spell library was empty.

Inventory:

Hand Weapons
 m - a +2 hand axe of flaming
 o - a +0 vampiric hand axe (weapon)
Missiles
 s - 4 boomerangs (quivered)
Armour
 h - a +0 cloak (worn)
 i - a +0 pair of boots (worn)
 j - a +0 plate armour (worn)
Jewellery
 e - a ring of resist corrosion (left hand)
 n - an amulet of regeneration (around neck)
Wands
 g - a wand of digging (3)
Scrolls
 d - 3 scrolls of identify
 p - a scroll of brand weapon
Potions
 a - a potion of resistance
 f - 2 potions of haste
 k - a potion of magic
 l - 2 potions of mutation
 t - a potion of might

Dungeon Overview and Level Annotations

Branches:
Dungeon (10/15)            Temple (1/1) D:4
   Lair: D:8-11         Orc: D:9-12

Altars:
Ashenzari
Dithmenos
Elyvilon
Fedhas
Gozag
Hepliaklqana
Kikubaaqudgha
Makhleb
Okawaru
Ru
Trog
Uskayaw
Vehumet
Wu Jian
Yredelemnul
Zin
The Shining One

Shops:
D:2 ?   D:8 *


Message History

You punch the orc warrior!
The orc warrior is severely wounded.
The orc warrior barely misses you.
You hit the orc warrior.
You feel better.
The orc warrior is severely wounded.
You hit the orc warrior.
You feel better.
The orc warrior is severely wounded.
The orc warrior is engulfed in a cloud of scalding steam.
The orc warrior dies!
The orc warrior shouts! x2; You hear a shout!
The orc priest mumbles some strange prayers to Beogh against you.
Beogh smites you!
An orc comes into view. It is wielding a +0 falchion.
The orc warrior hits you but does no damage.
The orc warrior barely misses you.
Things that are here:
a +0 hand axe; a boomerang; a +0 plate armour You hit the orc warrior but do no damage.
You hit the orc warrior but do no damage.
You block the orc warrior's attack.
The orc warrior hits you from afar with a +2 vorpal glaive.
You hit the orc warrior.
You feel better.
The orc warrior is lightly wounded.
The orc warrior hits you with a +0 dire flail!
The orc priest looks satisfied for a moment.
The orc warrior hits you but does no damage.
You closely miss the orc warrior.
The orc warrior is lightly wounded.
You barely miss the orc warrior.
The orc warrior is lightly wounded.
The orc warrior hits you with a +0 dire flail!
The orc warrior hits you but does no damage.
You hit the orc warrior but do no damage.
The orc warrior is lightly wounded.
You barely miss the orc warrior.
The orc warrior is lightly wounded.
The orc warrior closely misses you.
The orc priest invokes the aid of Beogh against you.
Beogh smites you!
You die...

#####)####......#
#. #......## #.
##[.....# #.
#...)..#####
########).......
#.).............
#.8~~~~~~~~~~~~~
#.~8~~~~~~~~~~~~
#@~~{o##########
#o~~o#...
#o~~##.o.
..ooooo....
...~~##....
...~~o .. .#.~~.'
# #.#.~8~~~


You could see 4 orc warriors, 2 orc priests, an orc wizard and 3 orcs.

Vanquished Creatures
  A hydra (D:10)
  A two-headed ogre (D:9)
  6 yaks (D:10)
  A steam dragon (D:8)
  Menkaure (D:4)
  A water moccasin (D:8)
  An orc warrior (D:7)
  3 black bears
  2 ogres (D:6)
  A centaur (D:9)
  3 phantoms
  2 kobold brigands
  A bullfrog (D:7)
  2 gnoll sergeants
  A necrophage (D:8)
  2 scorpions
  5 killer bees
  2 electric eels
  5 orc priests
  3 jellies
  A gnoll bouda (D:8)
  5 hounds
  5 orc wizards
  Robin (D:3)
  19 gnolls
  9 adders
  2 ufetubi
  A worm (D:4)
  4 dart slugs
  20 orcs
  8 ball pythons
  10 endoplasms
  2 giant cockroaches
  17 goblins
  8 hobgoblins
  5 jackals
  13 kobolds
  6 quokkas
  8 bats
  3 frilled lizards
  7 rats
198 creatures vanquished.

Vanquished Creatures (others)
  An orc warrior (D:9)
1 creature vanquished.

Grand Total: 199 creatures vanquished

Notes
Turn   | Place    | Note
-------+----------+-------------------------------------------
     0 | D:5      | qw the Gargoyle Delver began the quest for the Orb.
     0 | D:5      | Reached XP level 1. HP: 14/14 MP: 1/1
     0 | D:5      | 0 ||| qw: Version: 0.1-a-116-g5d60599
     0 | D:5      | 0 ||| qw: Game counter: 9048
     0 | D:5      | 0 ||| qw: Always use a shield: true
     0 | D:5      | 0 ||| qw: God list: Okawaru
     0 | D:5      | 0 ||| qw: Allow faded altars: false
     0 | D:5      | 0 ||| qw: Do Orc after D:15 true
     0 | D:5      | 0 ||| qw: Do second Lair branch before Depths: true
     0 | D:5      | 0 ||| qw: Lair rune preference: random
     0 | D:5      | 0 ||| qw: Plans: Normal
     0 | D:5      | 0 ||| PLANNING D:1-11
    60 | D:5      | Found a hide-covered altar of Uskayaw.
    60 | D:5      | Noticed a +0 hand axe
    60 | D:5      | Noticed a +0 hand axe
    69 | D:5      | Reached skill level 2 in Axes
    69 | D:5      | Reached XP level 2. HP: 19/19 MP: 2/2
    70 | D:5      | 70 ||| READING scroll labelled RILUIJ ZY WAZ.
   171 | D:5      | 171 ||| READING scroll labelled VAULUNOIQE.
   172 | D:5      | 172 ||| DROPPING scroll of fog.
   173 | D:5      | 173 ||| DROPPING scroll of magic mapping.
   174 | D:5      | 174 ||| DROPPING scroll of fear.
   248 | D:4      | 248 ||| Stepping ~*~*~tactically~*~*~ (stealth).
   249 | D:4      | 249 ||| Stepping ~*~*~tactically~*~*~ (stealth).
   256 | D:4      | Reached skill level 3 in Axes
   256 | D:4      | Reached XP level 3. HP: 19/23 MP: 3/3
   287 | D:4      | 287 ||| Stepping ~*~*~tactically~*~*~ (stealth).
   341 | D:4      | 341 ||| Stepping ~*~*~tactically~*~*~ (stealth).
   386 | D:4      | Reached XP level 4. HP: 25/28 MP: 4/4
   434 | D:4      | 434 ||| READING scroll labelled ROTTOU KOSI.
   554 | D:3      | Reached skill level 4 in Axes
   587 | D:3      | Found a sacrificial altar of Ru.
   628 | D:3      | Noticed Robin
   645 | D:3      | Killed Robin
   848 | D:3      | 848 ||| Stepping ~*~*~tactically~*~*~ (hiding).
   950 | D:3      | 950 ||| Stepping ~*~*~tactically~*~*~ (hiding).
  1052 | D:3      | 1052 ||| Stepping ~*~*~tactically~*~*~ (hiding).
  1060 | D:3      | 1060 ||| Stepping ~*~*~tactically~*~*~ (stealth).
  1069 | D:3      | HP: 5/28 [gnoll/+0 whip (4)]
  1070 | D:3      | Reached XP level 5. HP: 6/32 MP: 5/5
  1070 | D:3      | 1070 ||| Stepping ~*~*~tactically~*~*~ (stealth).
  1073 | D:3      | HP: 1/32 [gnoll/+0 whip (5)]
  1081 | D:3      | HP: 1/32 [giant cockroach (1)]
  1460 | D:3      | 1460 ||| UPGRADING to +2 helmet.
  1465 | D:3      | 1465 ||| READING scroll labelled ZITYASK WINK.
  1787 | D:1      | 1787 ||| Stepping ~*~*~tactically~*~*~ (stealth).
  1788 | D:1      | 1788 ||| Stepping ~*~*~tactically~*~*~ (stealth).
  1988 | D:1      | 1988 ||| Stepping ~*~*~tactically~*~*~ (stealth).
  1992 | D:1      | Reached skill level 5 in Axes
  2004 | D:1      | 2004 ||| Stepping ~*~*~tactically~*~*~ (stealth).
  2013 | D:1      | 2013 ||| Stepping ~*~*~tactically~*~*~ (stealth).
  2027 | D:1      | 2027 ||| Stepping ~*~*~tactically~*~*~ (stealth).
  2284 | D:1      | 2284 ||| UPGRADING to +0 cloak.
  2289 | D:1      | 2289 ||| UPGRADING to amulet of regeneration.
  2294 | D:1      | 2294 ||| READING scroll labelled WARGHO JIEQUACI.
  2295 | D:1      | 2295 ||| READING scroll labelled LAXZOA WAEW.
  2296 | D:1      | 2296 ||| READING scroll labelled KUAPPA LEURRAN.
  2347 | D:2      | Reached skill level 1 in Armour
  2406 | D:2      | 2406 ||| Stepping ~*~*~tactically~*~*~ (stealth).
  2408 | D:2      | 2408 ||| Stepping ~*~*~tactically~*~*~ (stealth).
  2699 | D:2      | 2699 ||| Stepping randomly (stuck).
  2701 | D:2      | 2701 ||| Stepping randomly (stuck).
  2708 | D:2      | 2708 ||| Stepping randomly (stuck).
  2709 | D:2      | 2709 ||| Stepping randomly (stuck).
  2710 | D:2      | 2710 ||| Stepping randomly (stuck).
  2711 | D:2      | 2711 ||| Stepping randomly (stuck).
  2733 | D:2      | 2733 ||| Stepping ~*~*~tactically~*~*~ (stealth).
  2734 | D:2      | 2734 ||| Stepping ~*~*~tactically~*~*~ (stealth).
  2739 | D:2      | 2739 ||| Stepping ~*~*~tactically~*~*~ (stealth).
  2740 | D:2      | 2740 ||| Stepping ~*~*~tactically~*~*~ (stealth).
  2741 | D:2      | 2741 ||| Stepping ~*~*~tactically~*~*~ (stealth).
  2744 | D:2      | 2744 ||| Stepping ~*~*~tactically~*~*~ (stealth).
  2748 | D:2      | 2748 ||| Stepping ~*~*~tactically~*~*~ (stealth).
  2751 | D:2      | 2751 ||| Stepping ~*~*~tactically~*~*~ (stealth).
  2753 | D:2      | 2753 ||| Stepping ~*~*~tactically~*~*~ (stealth).
  2755 | D:2      | 2755 ||| Stepping ~*~*~tactically~*~*~ (stealth).
  2757 | D:2      | 2757 ||| Stepping ~*~*~tactically~*~*~ (stealth).
  2776 | D:2      | 2776 ||| Stepping randomly (stuck).
  2778 | D:2      | 2778 ||| Stepping randomly (stuck).
  2780 | D:2      | 2780 ||| Stepping randomly (stuck).
  2784 | D:2      | 2784 ||| Stepping randomly (stuck).
  2785 | D:2      | 2785 ||| Stepping randomly (stuck).
  2786 | D:2      | 2786 ||| Stepping randomly (stuck).
  2787 | D:2      | 2787 ||| Stepping randomly (stuck).
  2788 | D:2      | 2788 ||| Stepping randomly (stuck).
  2789 | D:2      | 2789 ||| Stepping randomly (stuck).
  2790 | D:2      | 2790 ||| Stepping randomly (stuck).
  2791 | D:2      | 2791 ||| Stepping randomly (stuck).
  2792 | D:2      | 2792 ||| Stepping randomly (stuck).
  2793 | D:2      | 2793 ||| Stepping randomly (stuck).
  2794 | D:2      | 2794 ||| Stepping randomly (stuck).
  2795 | D:2      | 2795 ||| Stepping randomly (stuck).
  2796 | D:2      | 2796 ||| Stepping randomly (stuck).
  3099 | D:2      | Found Cafof's Magic Scroll Boutique.
  3105 | D:2      | 3105 ||| SHOPLISTING 2 scrolls of brand weapon (266 gold,
                  | have 147).
  3105 | D:2      | 3105 ||| BUYING scroll of brand weapon (133 gold).
  3105 | D:2      | Bought a scroll of brand weapon for 133 gold pieces
  3105 | D:2      | 3105 ||| SHOPLISTING scroll of enchant weapon (105 gold,
                  | have 14).
  3105 | D:2      | 3105 ||| SHOPLISTING scroll of teleportation (42 gold, have
                  | 14).
  3245 | D:2      | 3245 ||| Stepping ~*~*~tactically~*~*~ (stealth).
  3246 | D:2      | 3246 ||| Stepping ~*~*~tactically~*~*~ (stealth).
  3252 | D:2      | 3252 ||| Stepping ~*~*~tactically~*~*~ (stealth).
  3253 | D:2      | 3253 ||| Stepping ~*~*~tactically~*~*~ (stealth).
  3255 | D:2      | 3255 ||| Stepping ~*~*~tactically~*~*~ (stealth).
  3257 | D:2      | 3257 ||| Stepping ~*~*~tactically~*~*~ (stealth).
  3259 | D:2      | 3259 ||| Stepping ~*~*~tactically~*~*~ (stealth).
  3263 | D:2      | 3263 ||| Stepping ~*~*~tactically~*~*~ (stealth).
  3265 | D:2      | 3265 ||| Stepping ~*~*~tactically~*~*~ (stealth).
  3266 | D:2      | 3266 ||| Stepping ~*~*~tactically~*~*~ (stealth).
  3269 | D:2      | 3269 ||| Stepping ~*~*~tactically~*~*~ (stealth).
  3271 | D:2      | 3271 ||| Stepping ~*~*~tactically~*~*~ (stealth).
  3659 | D:2      | 3659 ||| UPGRADING to +0 ring mail.
  3669 | D:2      | 3669 ||| DROPPING +0 leather armour.
  3670 | D:2      | 3670 ||| DRINKING 2 black potions.
  3671 | D:2      | 3671 ||| DROPPING potion of brilliance.
  3768 | D:3      | Found a faded altar of an unknown god.
  3972 | D:3      | Reached XP level 6. HP: 23/38 MP: 6/6
  4137 | D:3      | 4137 ||| READING scroll labelled GYESOL ETELION.
  4202 | D:4      | 4202 ||| STAIRDANCE
  4230 | D:3      | 4230 ||| UPGRADING to +0 chain mail.
  4240 | D:3      | 4240 ||| DROPPING +0 ring mail.
  4244 | D:4      | 4244 ||| STAIRDANCE
  4253 | D:3      | 4253 ||| DROPPING +0 mace.
  4258 | D:4      | 4258 ||| STAIRDANCE
  4295 | D:4      | Noticed Menkaure
  4308 | D:4      | Killed Menkaure
  4309 | D:4      | Reached skill level 3 in Armour
  4321 | D:4      | Reached XP level 7. HP: 43/43 MP: 7/7
  4321 | D:4      | 4321 ||| Stepping ~*~*~tactically~*~*~ (stealth).
  4322 | D:4      | 4322 ||| Stepping ~*~*~tactically~*~*~ (stealth).
  4405 | D:4      | 4405 ||| Stepping ~*~*~tactically~*~*~ (stealth).
  4510 | D:4      | Found a staircase to the Ecumenical Temple.
  4511 | D:4      | 4511 ||| PLANNING TEMPLE
  4511 | D:4      | 4511 ||| READING scroll labelled NYISOUROEH.
  4512 | D:4      | 4512 ||| READING 2 scrolls of identify.
  4512 | D:4      | 4512 ||| IDENTIFYING emerald potion
  4522 | Temple   | Entered the Ecumenical Temple
  4726 | Temple   | 4726 ||| PLANNING D:1-11
  4736 | Temple   | Became a worshipper of Warmaster Okawaru
  5151 | D:5      | 5151 ||| FLEEEEING.
  5152 | D:5      | 5152 ||| FLEEEEING.
  5161 | D:5      | 5161 ||| FLEEEEING.
  5227 | D:5      | Reached skill level 6 in Axes
  5650 | D:5      | 5650 ||| READING 2 scrolls labelled VAOS CUFILUDOU.
  5655 | D:5      | 5655 ||| DRINKING 2 fuming emerald potions.
  5655 | D:5      | Gained mutation: You have a pair of small antennae on your
                  | head. [potion of mutation]
  5655 | D:5      | Gained mutation: You are partially covered in large bone
                  | plates. (SH +4) [potion of mutation]
  5656 | D:5      | 5656 ||| DROPPING +2 helmet.
  5657 | D:5      | 5657 ||| DRINKING 2 smoky emerald potions.
  5690 | D:6      | Reached skill level 7 in Axes
  5754 | D:6      | 5754 ||| Stepping ~*~*~tactically~*~*~ (hiding).
  5756 | D:6      | 5756 ||| Stepping ~*~*~tactically~*~*~ (hiding).
  5780 | D:6      | HP: 11/44 [gnoll sergeant/+3 vorpal spear (2)]
  5781 | D:6      | 5781 ||| READING scroll of teleportation.
  5782 | D:6      | 5782 ||| DRINKING potion of heal wounds.
  5784 | D:6      | HP: 3/44 [gnoll/+0 flail of holy wrath[a gnoll sergeant]
                  | (9)]
  5784 | D:6      | HP: 1/44 [gnoll sergeant/+3 vorpal spear (1)]
  5785 | D:6      | Reached * piety under Okawaru
  5786 | D:6      | 5786 ||| INVOKING Heroism.
  5798 | D:6      | Reached XP level 8. HP: 15/48 MP: 5/8
  5871 | D:6      | 5871 ||| DROPPING +0 flail.
  5919 | D:6      | Reached skill level 1 in Throwing
  5919 | D:6      | Reached skill level 1 in Invocations
  6079 | D:6      | 6079 ||| INVOKING Heroism.
  6153 | D:6      | 6153 ||| INVOKING Heroism.
  6242 | D:6      | 6242 ||| READING scroll labelled IKUOLA WUIV.
  6243 | D:6      | 6243 ||| DRINKING 4 fuming clear potions.
  6244 | D:6      | 6244 ||| DRINKING 2 glowing inky potions.
  6245 | D:6      | 6245 ||| READING 3 scrolls of identify.
  6245 | D:6      | 6245 ||| IDENTIFYING coppery potion
  6246 | D:6      | 6246 ||| READING 2 scrolls of identify.
  6246 | D:6      | 6246 ||| IDENTIFYING puce potion
  6247 | D:6      | 6247 ||| DROPPING potion of lignification.
  6248 | D:6      | 6248 ||| DROPPING potion of attraction.
  6249 | D:6      | 6249 ||| DROPPING 3 potions of degeneration.
  6250 | D:6      | 6250 ||| DROPPING potion of flight.
  6335 | D:7      | 6335 ||| INVOKING Heroism.
  6457 | D:7      | 6457 ||| Stepping ~*~*~tactically~*~*~ (stealth).
  6459 | D:7      | 6459 ||| Stepping ~*~*~tactically~*~*~ (hiding).
  6489 | D:7      | 6489 ||| INVOKING Heroism.
  6552 | D:7      | Reached skill level 8 in Axes
  6746 | D:7      | 6746 ||| INVOKING Heroism.
  6754 | D:7      | Reached skill level 3 in Invocations
  6777 | D:7      | 6777 ||| INVOKING Heroism.
  6787 | D:7      | Reached XP level 9. HP: 55/55 MP: 9/11
  6809 | D:7      | 6809 ||| Stepping ~*~*~tactically~*~*~ (stealth).
  6811 | D:7      | 6811 ||| Stepping ~*~*~tactically~*~*~ (stealth).
  6813 | D:7      | 6813 ||| Stepping ~*~*~tactically~*~*~ (stealth).
  6820 | D:7      | 6820 ||| INVOKING Heroism.
  6840 | D:7      | Reached skill level 6 in Fighting
  6842 | D:7      | 6842 ||| Stepping ~*~*~tactically~*~*~ (stealth).
  6843 | D:7      | 6843 ||| Stepping ~*~*~tactically~*~*~ (stealth).
  6845 | D:7      | 6845 ||| INVOKING Heroism.
  6902 | D:7      | 6902 ||| INVOKING Heroism.
  7235 | D:7      | 7235 ||| UPGRADING to +0 pair of boots.
  7259 | D:8      | 7259 ||| INVOKING Heroism.
  7261 | D:8      | 7261 ||| STAIRDANCE
  7297 | D:8      | Reached skill level 9 in Axes
  7359 | D:8      | Found Huutufah's General Store.
  7365 | D:8      | 7365 ||| BUYING +0 plate armour (345 gold).
  7365 | D:8      | Bought a +0 plate armour for 345 gold pieces
  7365 | D:8      | 7365 ||| SHOPLISTING potion of haste (150 gold, have 19).
  7400 | D:8      | Found a radiant altar of Vehumet.
  7464 | D:8      | 7464 ||| Stepping ~*~*~tactically~*~*~ (hiding).
  7472 | D:8      | 7472 ||| INVOKING Heroism.
  7492 | D:8      | 7492 ||| Stepping ~*~*~tactically~*~*~ (stealth).
  7520 | D:8      | 7520 ||| Stepping ~*~*~tactically~*~*~ (hiding).
  7521 | D:8      | 7521 ||| Stepping ~*~*~tactically~*~*~ (hiding).
  7523 | D:8      | 7523 ||| INVOKING Heroism.
  7599 | D:8      | 7599 ||| INVOKING Heroism.
  7604 | D:8      | Reached ** piety under Okawaru
  7605 | D:8      | 7605 ||| Stepping ~*~*~tactically~*~*~ (cloud).
  7677 | D:8      | 7677 ||| INVOKING Heroism.
  7727 | D:8      | 7727 ||| DROPPING +0 morningstar of protection.
  7823 | D:8      | You fall into a shaft and drop 2 floors!
  7823 | D:10     | Entered Level 10 of the Dungeon
  7825 | D:10     | 7825 ||| Stepping ~*~*~tactically~*~*~ (stealth).
  7826 | D:10     | 7826 ||| Stepping ~*~*~tactically~*~*~ (stealth).
  7829 | D:10     | 7829 ||| INVOKING Heroism.
  7830 | D:10     | 7830 ||| Stepping ~*~*~tactically~*~*~ (hiding).
  7885 | D:10     | Noticed a five-headed hydra
  7886 | D:10     | 7886 ||| INVOKING Heroism.
  7889 | D:10     | 7889 ||| SWAPPING to +2 hand axe of flaming.
  7895 | D:10     | Killed a one-headed hydra
  7896 | D:10     | Reached skill level 10 in Axes
  7896 | D:10     | Reached XP level 10. HP: 47/63 MP: 10/13
  7896 | D:10     | 7896 ||| SWAPPING to +0 vampiric hand axe.
  7967 | D:10     | 7967 ||| INVOKING Heroism.
  8001 | D:10     | 8001 ||| Stepping ~*~*~tactically~*~*~ (stealth).
  8003 | D:10     | 8003 ||| Stepping ~*~*~tactically~*~*~ (stealth).
  8004 | D:10     | 8004 ||| UPGRADING to +0 plate armour.
  8016 | D:10     | 8016 ||| INVOKING Heroism.
  8061 | D:10     | 8061 ||| INVOKING Heroism.
  8095 | D:10     | 8095 ||| UPGRADING to +0 plate armour.
  8105 | D:10     | 8105 ||| DROPPING +0 chain mail.
  8106 | D:10     | 8106 ||| UPGRADING to ring of resist corrosion.
  8107 | D:10     | 8107 ||| DRINKING 2 grey potions.
  8108 | D:10     | 8108 ||| DRINKING 2 fuming pink potions.
  8109 | D:10     | 8109 ||| READING 4 scrolls of identify.
  8109 | D:10     | 8109 ||| IDENTIFYING fuming coppery potion
  8116 | D:9      | Noticed a two-headed ogre
  8117 | D:9      | 8117 ||| INVOKING Heroism.
  8124 | D:9      | HP: 14/64 [two-headed ogre/+0 giant club (31)]
  8128 | D:9      | Killed a two-headed ogre
  8128 | D:9      | Reached *** piety under Okawaru
  8142 | D:9      | 8142 ||| INVOKING Heroism.
  8177 | D:9      | 8177 ||| Stepping ~*~*~tactically~*~*~ (hiding).
  8188 | D:9      | 8188 ||| Stepping ~*~*~tactically~*~*~ (hiding).
  8202 | D:9      | 8202 ||| Stepping ~*~*~tactically~*~*~ (stealth).
  8205 | D:9      | 8205 ||| DRINKING 2 potions of curing.
  8205 | D:9      | 8205 ||| (to cure confusion)
  8210 | D:9      | 8210 ||| INVOKING Heroism.
  8231 | D:9      | 8231 ||| DRINKING potion of curing.
  8231 | D:9      | 8231 ||| (to cure confusion)
  8236 | D:9      | 8236 ||| INVOKING Heroism.
  8252 | D:9      | HP: 11/64 [orc warrior/+0 dire flail (14)]
  8254 | D:9      | HP: 4/64 [orc warrior/+0 dire flail (8)]
  8256 | D:9      | Killed from afar by an orc priest

Levels and vault maps discovered:
D:1:      tarquinn_simple_flora_water_e, layout_rooms, minmay_cupped
D:2:      layout_loops_corners, serial_shops, nicolae_square_shop,
          serial_co_window_serial, co_window_paths_a, co_window_corner_a,
          co_window_of_opportunity_a, co_window_of_opportunity_a,
          co_window_cross_1, co_window_unsneaky_path_d, co_window_corner_b,
          co_window_2corner, co_window_of_opportunity_b, co_window_corner_ca,
          co_window_paths_c, co_window_broadway_b, co_window_paths_e,
          glass_columns_b, glass_columns_b
D:3:      layout_basic, amcnicky_altar_gilded,
          shapermc_ecumenical_altar_starsandcircs, guppyfry_early_lair_pool,
          uniq_robin
D:4:      layout_cave_pools, minmay_temple_entry_poolview,
          minmay_quadrilaterals, uniq_menkaure
D:5:      layout_gridville, dancing_weapons_uskayaw, kennysheep_generic_room_8
D:6:      layout_rooms, nicolae_elevator_lobby_plus
D:7:      layout_loops_cross, nicolae_water_bricks, serial_bayou_pond_e
D:8:      layout_gridville, vehumet_crystals, gammafunk_temple_overflow_claw,
          serial_shops, nicolae_shop_stone
D:9:      layout_basic, nemelex_diamond_rough_becter,
          mainiacjoe_overflow_tiny_flanked, erik_orc_2,
          gammafunk_ghost_cemetery, lightli_fourway_metalbox
D:10:     layout_loops_cross, lair_entry_dummy, serial_bayou_lake_a
Temple:   eino_temple_water

Skill      XL: |  1  2  3  4  5  6  7  8  9 10 |
---------------+-------------------------------+-----
Axes           | 2 3 4 5 7 8 10 | 10.4
Armour         | 1 3 5 7 |  7.0
Fighting       | 4 5 7 8 |  8.1
Throwing       | 1 |  1.1
Invocations    | 3 4 |  4.0
Dodging        | 2 |  2.1
Stealth        | |  5.4

Action                   |  1- 3 |  4- 6 |  7- 9 | 10-12 || total
-------------------------+-------+-------+-------+-------++-------
Melee: Hand axe          |    39 |   323 |   604 |   137 ||  1103
       Punch             |     3 |     5 |    13 |     4 ||    25
Throw: Boomerang         |       |       |    52 |     9 ||    61
Invok: Heroism           |       |       |    17 |     7 ||    24
  Use: Scroll            |     2 |     6 |     7 |     1 ||    16
       Potion            |       |     1 |     5 |     4 ||    10
 Stab: Sleeping          |       |     5 |       |       ||     5
       Distracted        |       |     1 |       |       ||     1
Armor: Leather armour    |    22 |    95 |       |       ||   117
       Ring mail         |       |    32 |       |       ||    32
       Chain mail        |       |    29 |   344 |    23 ||   396
       Plate armour      |       |       |       |    19 ||    19
Dodge: Dodged            |    26 |   166 |   182 |    32 ||   406
Block: Other             |       |       |    81 |    16 ||    97

Table legend:
 A = Non-vault XP
 B = Vault XP
 C = Vault XP percentage of total XP
 D = Non-vault monster count
 E = Vault monster count
 F = Vault count percentage of total count
                 A         B        C        D         E       F
            +---------+---------+-------+---------+---------+-------
      Total |    6840 |     390 |   5.4 |     175 |      24 |  12.1
            +---------+---------+-------+---------+---------+-------
        D:1 |      36 |       6 |  14.3 |      20 |       3 |  13.0
        D:2 |      71 |       0 |   0.0 |      26 |       0 |   0.0
        D:3 |     125 |      38 |  23.3 |      20 |      13 |  39.4
        D:4 |     200 |     191 |  48.8 |      22 |       4 |  15.4
        D:5 |     282 |      16 |   5.4 |       9 |       2 |  18.2
        D:6 |     787 |       0 |   0.0 |      13 |       0 |   0.0
        D:7 |    1228 |       0 |   0.0 |      25 |       0 |   0.0
        D:8 |     895 |       0 |   0.0 |      21 |       0 |   0.0
        D:9 |    1049 |     139 |  11.7 |       8 |       2 |  20.0
       D:10 |    2167 |       0 |   0.0 |      11 |       0 |   0.0
            +---------+---------+-------+---------+---------+-------
